Marlies vs Barracuda

Created - November 6, 2024 at 20:02

Goals
1 2 3 T
Marlies 0 0 1 1
Barracuda 1 3 1 5
Shots
1 2 3 T
Marlies 6 8 9 23
Barracuda 8 17 13 38

1st period

1. Barracuda , Theodor Blueger 7 (Luke Martin 2, William Carrier 8) at 17:37

Penalties :
Luke Martin (S.J) for High sticking (Minor) at 5:42, Mac Hollowell (S.J) for Roughing (Minor) at 8:46, Otto Koivula (Tor) for Tripping (Minor) at 12:01

2nd period

2. Barracuda , Kurtis Macdermid 9 (Robin Norell 4, Mac Hollowell 1) at 0:10
3. Barracuda , Kurtis Macdermid 10 (Mac Hollowell 2, Emil Pettersson 11) at 16:26 (PP)
4. Barracuda , Noah Gregor 2 (Nikolai Kovalenko 1, Jordan Gross 3) at 19:36

Penalties :
Mathieu Olivier (Tor) for Roughing (Minor) at 0:46, Alex Formenton (Tor) for Hooking (Minor) at 16:19

3rd period

5. Barracuda , Cole Ully 3 (Robin Norell 5, Mac Hollowell 3) at 13:42
6. Marlies , Aleksi Saarela 5 (Lucas Carlsson 7, Joel Farabee 6) at 14:00

Penalties :
Luke Martin (S.J) for Interference (Minor) at 5:56, Arthur Kaliyev (Tor) for Holding (Minor) at 10:06, Kole Sherwood (Tor) for Hooking (Minor) at 15:05, Dennis Cholowski (S.J) for High sticking (Minor) at 19:57

Goalie Stats

Logan Thompson (Tor), 33 saves from 38 shots - (0.868), L, 2-1-0, 60:00 minutes
Joni Ortio (S.J), 22 saves from 23 shots - (0.957), W, 5-2-1, 60:00 minutes

Players Stats for Marlies

Player Name              G  A  P  +/- PIM S  H  SB GA TA FO     MP     PP MP  PK MP  
------------------------------------------------------------------------------------
Aleksi Saarela           1  0  1   0  0   5  1  2  0  0  21/38  22:44   3:12   4:49 
Alex Formenton           0  0  0  -2  2   0  6  1  0  2  1/1    16:54   2:36   1:37 
Arthur Kaliyev           0  0  0  -1  2   0  0  1  0  0  0/0    10:00   0:11   0:00 
Dennis Gilbert           0  0  0  -2  0   0  0  0  0  1  0/0    12:22   0:00   0:00 
Hugh McGing              0  0  0   0  0   1  1  0  0  0  0/0    10:45   0:00   2:09 
Isac Lundestrom          0  0  0  -1  0   1  0  0  0  1  3/5    10:01   0:00   0:17 
Jacob Bernard-Docker     0  0  0  -2  0   0  0  1  0  0  0/0    12:22   0:00   0:00 
Joel Farabee             0  1  1   0  0   6  0  0  0  0  0/0    19:57   3:12   1:53 
Keaton Thompson          0  0  0   0  0   0  1  2  0  2  0/0    19:55   2:13   2:58 
Kole Sherwood            0  0  0   0  2   1  1  0  0  0  0/0     8:50   0:11   0:00 
Lias Andersson           0  0  0  -2  0   0  0  0  0  0  3/8    15:18   2:36   0:00 
Lucas Carlsson           0  1  1  -1  0   0  0  5  1  1  0/0    27:43   3:46   5:05 
Martin Necas             0  0  0  -2  0   2  1  1  0  1  1/2    17:20   2:36   1:53 
Mathieu Olivier          0  0  0   0  2   2  2  1  0  0  1/3    21:23   3:12   3:28 
Matthew Highmore         0  0  0   0  0   1  2  0  0  0  2/3     8:51   0:11   0:00 
Otto Koivula             0  0  0  -1  2   1  0  2  0  0  0/0     9:49   0:00   0:00 
Pierre-Olivier Joseph    0  0  0  -1  0   2  2  1  2  0  0/0    27:43   3:46   5:05 
Rasmus Dahlin            0  0  0   0  0   1  0  1  0  1  0/0    19:55   2:13   2:58 

Players Stats for Barracuda

Player Name              G  A  P  +/- PIM S  H  SB GA TA FO     MP     PP MP  PK MP  
------------------------------------------------------------------------------------
Alex Henriksson          0  0  0   0  0   4  0  0  0  0  0/0     9:17   0:00   1:16 
Alex Lintuniemi          0  0  0   0  0   0  0  0  0  0  0/0    12:01   0:00   2:50 
Alexei Toropchenko       0  0  0   0  0   0  0  0  0  0  0/1     7:32   0:00   0:00 
Cole Ully                1  0  1   2  0   7  0  0  0  0  0/1    12:47   0:00   0:00 
Dennis Cholowski         0  0  0   0  2   0  0  0  0  0  0/0    10:02   0:00   0:00 
Emil Pettersson          0  1  1   0  0   3  3  0  1  0  18/37  22:24   4:47   3:03 
Jaedon Descheneau        0  0  0   1  0   0  0  0  0  1  1/1    13:50   3:16   0:00 
Jordan Gross             0  1  1   1  0   2  1  0  1  0  0/0    20:56   3:23   2:50 
Kurtis Macdermid         2  0  2   0  0   7  2  3  1  1  1/2    22:23   4:47   2:58 
Kyle Platzer             0  0  0   0  0   2  1  0  2  0  2/2     8:43   0:00   1:07 
Luke Martin              0  1  1   1  4   2  2  2  0  0  0/0    19:58   3:23   1:00 
Mac Hollowell            0  3  3   2  2   1  0  1  0  0  0/0    28:02   4:40   2:09 
Nikolai Kovalenko        0  1  1   2  0   0  2  1  0  0  0/0    12:47   0:00   0:00 
Noah Gregor              1  0  1   2  0   3  1  1  3  0  3/6    12:47   0:00   0:00 
Robin Norell             0  2  2   2  0   1  1  2  0  0  0/0    29:01   4:40   3:09 
Theodor Blueger          1  0  1   1  0   1  2  0  0  0  3/9    16:12   3:16   1:55 
Thomas Gobeil            0  0  0   0  0   1  2  0  1  1  0/1    19:19   4:47   0:00 
William Carrier          0  1  1   1  0   4  4  0  0  0  0/0    15:56   3:16   1:39 

3 Stars

1 - Kurtis Macdermid (S.J)
2 - Robin Norell (S.J)
3 - Noah Gregor (S.J)

Power Play

Marlies - 0 on 4 Attempt(s) - 0.00%
Barracuda - 1 on 5 Attempt(s) - 20.00%

Penalty Kill

Marlies - 4 on 5 Attempt(s) - 80.00% - Score 0 goal in Penalty Kill
Barracuda - 4 on 4 Attempt(s) - 100.00% - Score 0 goal in Penalty Kill

Team Stat

Marlies - Hits : 17 - Faceoff Wins : 32 - Blocked Shots : 18 - Penalty Minutes : 10
Barracuda - Hits : 21 - Faceoff Wins : 28 - Blocked Shots : 10 - Penalty Minutes : 8

Official

Referees : Jon McIsaac and TJ Luxmore
Linesman : David Brisebois and Brian Mach

Game Notes

13:42 of 3rd period - Barracuda goal is going for a video replay. After video review, Goal.

Finance

Level 1 -- Attendance: 1865 (93.25%) -- Ticket Income $130,550
Level 2 -- Attendance: 937 (93.70%) -- Ticket Income $37,480
Total Attendance: 2802 (93.40%)
Total Ticket Income: $168,030
Other Income: $8,402
Total Income: $176,432

Marlies

5 vs 5 Forward 
   Center                   Left Wing                Right Wing               Time % Phy DF OF 
 1 Aleksi Saarela           Joel Farabee             Mathieu Olivier          40     1   2  2  
 2 Lias Andersson           Alex Formenton           Martin Necas             30     1   2  2  
 3 Matthew Highmore         Hugh McGing              Kole Sherwood            20     1   2  2  
 4 Isac Lundestrom          Otto Koivula             Arthur Kaliyev           10     1   2  2  

5 vs 5 Defense 
   Defense                  Defense                                           Time % Phy DF OF 
 1 Pierre-Olivier Joseph    Lucas Carlsson                                    40     1   2  2  
 2 Rasmus Dahlin            Keaton Thompson                                   30     1   2  2  
 3 Dennis Gilbert           Jacob Bernard-Docker                              20     1   2  2  
 4 Pierre-Olivier Joseph    Lucas Carlsson                                    10     1   2  2  

PowerPlay Forward 
   Center                   Left Wing                Right Wing               Time % Phy DF OF 
 1 Aleksi Saarela           Joel Farabee             Mathieu Olivier          60     1   2  2  
 2 Lias Andersson           Alex Formenton           Martin Necas             40     1   2  2  

PowerPlay Defense
   Defense                  Defense                                           Time % Phy DF OF 
 1 Pierre-Olivier Joseph    Lucas Carlsson                                    60     1   2  2  
 2 Rasmus Dahlin            Keaton Thompson                                   40     1   2  2  

Penalty Kill 4 Players Forward 
   Center                   Wing                     Time % Phy DF OF 
 1 Aleksi Saarela           Mathieu Olivier          60     1   2  2  
 2 Martin Necas             Joel Farabee             40     1   2  2  

Penalty Kill 4 Players Defense
   Defense                  Defense                  Time % Phy DF OF 
 1 Pierre-Olivier Joseph    Lucas Carlsson           60     1   2  2  
 2 Rasmus Dahlin            Keaton Thompson          40     1   2  2  

Penalty Kill - 3 Players Forward 
   Forward                                           Time % Phy DF OF 
 1 Aleksi Saarela                                    60     1   2  2  
 2 Mathieu Olivier                                   40     1   2  2  

Penalty Kill - 3 Players Defense
   Defense                  Defense                  Time % Phy DF OF 
 1 Pierre-Olivier Joseph    Lucas Carlsson           60     1   2  2  
 2 Rasmus Dahlin            Keaton Thompson          40     1   2  2  

4 vs 4 Forward 
   Center                   Wing                     Time % Phy DF OF 
 1 Aleksi Saarela           Mathieu Olivier          60     1   2  2  
 2 Martin Necas             Joel Farabee             40     1   2  2  

4 vs 4 Defense
   Defense                  Defense                  Time % Phy DF OF 
 1 Pierre-Olivier Joseph    Lucas Carlsson           60     1   2  2  
 2 Rasmus Dahlin            Keaton Thompson          40     1   2  2  

Last Minutes Offensive
   Center                   Left Wing                Right Wing               Defense                  Defense                  
   Aleksi Saarela           Joel Farabee             Mathieu Olivier          Pierre-Olivier Joseph    Lucas Carlsson           

Last Minutes Defensive
   Center                   Left Wing                Right Wing               Defense                  Defense                  
   Aleksi Saarela           Joel Farabee             Mathieu Olivier          Pierre-Olivier Joseph    Lucas Carlsson           

Goaltenders
Starting : Logan Thompson           
Backup : Maxime Lagace            

Extra Forwards
Normal : Kole Sherwood, Matthew Highmore, Hugh McGing - PP : Kole Sherwood, Matthew Highmore - PK : Hugh McGing
Extra Defensemen
Normal : Dennis Gilbert, Jacob Bernard-Docker, Rasmus Dahlin - PP : Dennis Gilbert - PK : Jacob Bernard-Docker, Rasmus Dahlin
Penalty Shots
Aleksi Saarela, Mathieu Olivier, Martin Necas, Joel Farabee, Alex Formenton
Custom OT Lines Forwards
Aleksi Saarela, Mathieu Olivier, Martin Necas, Joel Farabee, Alex Formenton, Kole Sherwood, Lias Andersson, Matthew Highmore, Hugh McGing, Isac Lundestrom
Custom OT Lines Defensemen
Pierre-Olivier Joseph, Lucas Carlsson, Rasmus Dahlin, Keaton Thompson, Dennis Gilbert

Scratches
Jonathan Gruden (Healthy), Jakob Forsbacka-Karlsson (Healthy), Dmitri Samorukov (Healthy), Xavier Bernard (Healthy), Jonathan Davidsson (Healthy)
Jan Jenik (Healthy), Blake Murray (Healthy), Vasili Podkolzin (Healthy), Samuel Fagemo (Healthy), Veini Vehvilainen (Healthy)
Matthew Thiessen (Healthy)

Barracuda

5 vs 5 Forward 
   Center                   Left Wing                Right Wing               Time % Phy DF OF 
 1 Emil Pettersson          Kurtis Macdermid         Thomas Gobeil            40     1   2  2  
 2 Theodor Blueger          William Carrier          Jaedon Descheneau        30     1   2  2  
 3 Noah Gregor              Cole Ully                Nikolai Kovalenko        20     1   3  1  
 4 Kyle Platzer             Alex Henriksson          Alexei Toropchenko       10     1   3  1  

5 vs 5 Defense 
   Defense                  Defense                                           Time % Phy DF OF 
 1 Robin Norell             Mac Hollowell                                     40     1   3  1  
 2 Jordan Gross             Luke Martin                                       30     1   3  1  
 3 Alex Lintuniemi          Dennis Cholowski                                  20     1   3  1  
 4 Robin Norell             Mac Hollowell                                     10     1   3  1  

PowerPlay Forward 
   Center                   Left Wing                Right Wing               Time % Phy DF OF 
 1 Emil Pettersson          Kurtis Macdermid         Thomas Gobeil            60     1   1  3  
 2 Theodor Blueger          William Carrier          Jaedon Descheneau        40     1   1  3  

PowerPlay Defense
   Defense                  Defense                                           Time % Phy DF OF 
 1 Robin Norell             Mac Hollowell                                     60     1   2  2  
 2 Jordan Gross             Luke Martin                                       40     1   2  2  

Penalty Kill 4 Players Forward 
   Center                   Wing                     Time % Phy DF OF 
 1 Emil Pettersson          Kurtis Macdermid         60     1   4  0  
 2 Theodor Blueger          William Carrier          40     1   4  0  

Penalty Kill 4 Players Defense
   Defense                  Defense                  Time % Phy DF OF 
 1 Robin Norell             Mac Hollowell            60     1   4  0  
 2 Jordan Gross             Luke Martin              40     1   4  0  

Penalty Kill - 3 Players Forward 
   Forward                                           Time % Phy DF OF 
 1 Emil Pettersson                                   60     1   4  0  
 2 Theodor Blueger                                   40     1   4  0  

Penalty Kill - 3 Players Defense
   Defense                  Defense                  Time % Phy DF OF 
 1 Robin Norell             Mac Hollowell            60     1   4  0  
 2 Jordan Gross             Luke Martin              40     1   4  0  

4 vs 4 Forward 
   Center                   Wing                     Time % Phy DF OF 
 1 Emil Pettersson          Kurtis Macdermid         60     1   3  1  
 2 Theodor Blueger          William Carrier          40     1   3  1  

4 vs 4 Defense
   Defense                  Defense                  Time % Phy DF OF 
 1 Robin Norell             Mac Hollowell            60     1   3  1  
 2 Jordan Gross             Luke Martin              40     1   3  1  

Last Minutes Offensive
   Center                   Left Wing                Right Wing               Defense                  Defense                  
   Emil Pettersson          Kurtis Macdermid         Thomas Gobeil            Robin Norell             Mac Hollowell            

Last Minutes Defensive
   Center                   Left Wing                Right Wing               Defense                  Defense                  
   Emil Pettersson          Kurtis Macdermid         Thomas Gobeil            Robin Norell             Mac Hollowell            

Goaltenders
Starting : Joni Ortio               
Backup : Kevin Mandolese          

Extra Forwards
Normal : Theodor Blueger, Noah Gregor, Alex Henriksson - PP : Theodor Blueger, Noah Gregor - PK : Theodor Blueger
Extra Defensemen
Normal : Luke Martin, Alex Lintuniemi, Dennis Cholowski - PP : Luke Martin - PK : Luke Martin, Alex Lintuniemi
Penalty Shots
Kurtis Macdermid, William Carrier, Emil Pettersson, Cole Ully, Theodor Blueger
Custom OT Lines Forwards
Kurtis Macdermid, William Carrier, Emil Pettersson, Cole Ully, Theodor Blueger, Noah Gregor, Alex Henriksson, Kyle Platzer, Thomas Gobeil, Jaedon Descheneau
Custom OT Lines Defensemen
Robin Norell, Mac Hollowell, Jordan Gross, Luke Martin, Alex Lintuniemi

Scratches
Brett Kulak (Bruised Right Shoulder Injury), Jacob Peterson (Healthy), Ryan Merkley (Healthy), Bode Wilde (Healthy), Beck Malenstyn (Healthy)
Adam Edstrom (Healthy), Adam Beckman (Healthy), Angus Crookshank (Healthy), Filip Larsson (Healthy)

% Time on Ice - Marlies

Lines # - Real PCT - Wanted PCT - Time Play
Normal Forward
1 - 32% - 40% - 14:47
2 - 28% - 30% - 12:51
3 - 19% - 20% - 8:36
4 - 21% - 10% - 9:44
Normal Defense
1 - 38% - 40% - 17:38
2 - 32% - 30% - 14:44
3 - 27% - 20% - 12:22
4 - 3% - 10% - 1:14
PP Forward
1 - 57% - 60% - 3:23
2 - 43% - 40% - 2:36
PP Defense
1 - 63% - 60% - 3:46
2 - 37% - 40% - 2:13
PK Forward
1 - 77% - 60% - 6:10
2 - 23% - 40% - 1:53
PK Defense
1 - 63% - 60% - 5:05
2 - 37% - 40% - 2:58
PK3 Forward
1 - 0% - 60%
2 - 0% - 40%
PK3 Defense
1 - 0% - 60%
2 - 0% - 40%
44 Forward
1 - 0% - 60%
2 - 0% - 40%
44 Defense
1 - 0% - 60%
2 - 0% - 40%
Last Minute Offensive  - 0:00
Last Minute Defensive  - 0:00
Total
Forward - 60:00
Defense - 60:00

% Time on Ice - Barracuda

Lines # - Real PCT - Wanted PCT - Time Play
Normal Forward
1 - 32% - 40% - 14:38
2 - 24% - 30% - 11:01
3 - 28% - 20% - 12:47
4 - 16% - 10% - 7:32
Normal Defense
1 - 42% - 40% - 19:31
2 - 32% - 30% - 14:41
3 - 22% - 20% - 10:03
4 - 4% - 10% - 1:43
PP Forward
1 - 59% - 60% - 4:47
2 - 41% - 40% - 3:16
PP Defense
1 - 58% - 60% - 4:40
2 - 42% - 40% - 3:23
PK Forward
1 - 72% - 60% - 4:20
2 - 28% - 40% - 1:39
PK Defense
1 - 69% - 60% - 4:08
2 - 31% - 40% - 1:51
PK3 Forward
1 - 0% - 60%
2 - 0% - 40%
PK3 Defense
1 - 0% - 60%
2 - 0% - 40%
44 Forward
1 - 0% - 60%
2 - 0% - 40%
44 Defense
1 - 0% - 60%
2 - 0% - 40%
Last Minute Offensive  - 0:00
Last Minute Defensive  - 0:00
Total
Forward - 60:00
Defense - 60:00

Play-by-Play

1st period


0:01 of 1st period - Aleksi Saarela wins face-off versus Emil Pettersson in neutral zone.
0:04 of 1st period - Mac Hollowell is hit by Mathieu Olivier and loses puck.
0:11 of 1st period - Snap shot by Aleksi Saarela.
0:11 of 1st period - Stopped by Joni Ortio with a rebound.
0:25 of 1st period - Lucas Carlsson is hit by Theodor Blueger and loses puck.
0:34 of 1st period - Theodor Blueger is hit by Martin Necas and loses puck.
2:10 of 1st period - Off-side.
2:11 of 1st period - Matthew Highmore wins face-off versus Noah Gregor in neutral zone.
2:36 of 1st period - Pierre-Olivier Joseph is hit by Kurtis Macdermid.
2:42 of 1st period - Snap shot by Kurtis Macdermid.
2:42 of 1st period - Stopped by Logan Thompson with a rebound.
2:47 of 1st period - Off-side.
2:48 of 1st period - Jaedon Descheneau wins face-off versus Lias Andersson in neutral zone.
2:53 of 1st period - Rasmus Dahlin is hit by Robin Norell.
3:01 of 1st period - Slapshot by Theodor Blueger.
3:01 of 1st period - Shot Blocked by Rasmus Dahlin.
3:03 of 1st period - Snap shot by William Carrier.
3:03 of 1st period - Stopped by Logan Thompson without a rebound.
3:04 of 1st period - Emil Pettersson wins face-off versus Aleksi Saarela in Marlies zone.
3:29 of 1st period - Theodor Blueger is hit by Alex Formenton.
3:33 of 1st period - Snap shot by Jaedon Descheneau.
3:33 of 1st period - Shot Blocked by Lucas Carlsson.
3:49 of 1st period - Snap shot by Alex Henriksson.
3:49 of 1st period - Stopped by Logan Thompson with a rebound.
4:34 of 1st period - Snap shot by Joel Farabee.
4:34 of 1st period - Shot Misses the Net.
4:37 of 1st period - Icing by Robin Norell.
4:38 of 1st period - Emil Pettersson wins face-off versus Aleksi Saarela in Barracuda zone.
5:03 of 1st period - Robin Norell is hit by Pierre-Olivier Joseph and loses puck.
5:34 of 1st period - Snap shot by Martin Necas.
5:34 of 1st period - Shot Misses the Net.
5:42 of 1st period - Minor Penalty to Luke Martin for High sticking.
5:43 of 1st period - Aleksi Saarela wins face-off versus Kurtis Macdermid in Barracuda zone.
5:44 of 1st period - Slapshot by Joel Farabee.
5:44 of 1st period - Stopped by Joni Ortio with a rebound.
7:12 of 1st period - Pierre-Olivier Joseph is hit by Emil Pettersson and loses puck.
7:39 of 1st period - Wrist shot by Matthew Highmore.
7:39 of 1st period - Shot Blocked by Robin Norell.
7:41 of 1st period - Wrist shot by Matthew Highmore.
7:41 of 1st period - Shot Misses the Net.
7:42 of 1st period - Penalty to Luke Martin is over, Luke Martin is back on ice.
7:43 of 1st period - Slapshot by Lucas Carlsson.
7:43 of 1st period - Shot Misses the Net.
7:45 of 1st period - Snap shot by Kole Sherwood.
7:45 of 1st period - Stopped by Joni Ortio without a rebound.
7:46 of 1st period - Noah Gregor wins face-off versus Matthew Highmore in Barracuda zone.
7:46 of 1st period - Noah Gregor is hit by Matthew Highmore.
7:54 of 1st period - Snap shot by Kole Sherwood.
7:54 of 1st period - Shot Misses the Net.
7:56 of 1st period - Slapshot by Rasmus Dahlin.
7:56 of 1st period - Shot Misses the Net.
8:10 of 1st period - Keaton Thompson is hit by William Carrier and loses puck.
8:15 of 1st period - Snap shot by William Carrier.
8:15 of 1st period - Stopped by Logan Thompson without a rebound.
8:16 of 1st period - Theodor Blueger wins face-off versus Aleksi Saarela in Marlies zone.
8:21 of 1st period - Wrist shot by Theodor Blueger.
8:21 of 1st period - Shot Blocked by Aleksi Saarela.
8:46 of 1st period - Minor Penalty to Mac Hollowell for Roughing.
8:47 of 1st period - Emil Pettersson wins face-off versus Aleksi Saarela in Barracuda zone.
9:23 of 1st period - Snap shot by Martin Necas.
9:23 of 1st period - Shot Blocked by Robin Norell.
10:19 of 1st period - Lucas Carlsson is hit by William Carrier and loses puck.
10:46 of 1st period - Penalty to Mac Hollowell is over, Mac Hollowell is back on ice.
10:55 of 1st period - Cole Ully is hit by Matthew Highmore and loses puck.
11:39 of 1st period - William Carrier is hit by Kole Sherwood and loses puck.
11:50 of 1st period - Pierre-Olivier Joseph is hit by Kurtis Macdermid and loses puck.
11:55 of 1st period - Snap shot by Emil Pettersson.
11:55 of 1st period - Stopped by Logan Thompson with a rebound.
12:01 of 1st period - Minor Penalty to Otto Koivula for Tripping.
12:02 of 1st period - Aleksi Saarela wins face-off versus Emil Pettersson in Marlies zone.
12:39 of 1st period - Snap shot by William Carrier.
12:39 of 1st period - Stopped by Logan Thompson without a rebound.
12:40 of 1st period - Aleksi Saarela wins face-off versus Theodor Blueger in Marlies zone.
12:40 of 1st period - Aleksi Saarela is hit by Jordan Gross.
13:32 of 1st period - Slapshot by Pierre-Olivier Joseph.
13:32 of 1st period - Stopped by Joni Ortio with a rebound.
14:01 of 1st period - Penalty to Otto Koivula is over, Otto Koivula is back on ice.
14:16 of 1st period - Wrist shot by Isac Lundestrom.
14:16 of 1st period - Stopped by Joni Ortio without a rebound.
14:17 of 1st period - Noah Gregor wins face-off versus Isac Lundestrom in Barracuda zone.
14:27 of 1st period - Off-side.
14:28 of 1st period - Aleksi Saarela wins face-off versus Theodor Blueger in neutral zone.
14:37 of 1st period - Backhand shot by Joel Farabee.
14:37 of 1st period - Stopped by Joni Ortio with a rebound.
15:01 of 1st period - Slapshot by Kurtis Macdermid.
15:01 of 1st period - Stopped by Logan Thompson with a rebound.
15:03 of 1st period - Snap shot by Emil Pettersson.
15:03 of 1st period - Shot Misses the Net.
15:39 of 1st period - Snap shot by Rasmus Dahlin.
15:39 of 1st period - Shot Blocked by Luke Martin.
15:41 of 1st period - Snap shot by Isac Lundestrom.
15:41 of 1st period - Shot Misses the Net.
15:43 of 1st period - Slapshot by Keaton Thompson.
15:43 of 1st period - Shot Blocked by Noah Gregor.
15:45 of 1st period - Snap shot by Rasmus Dahlin.
15:45 of 1st period - Deflect By Otto Koivula.
15:45 of 1st period - Shot Misses the Net.
15:45 of 1st period - Puck is out of play.
15:46 of 1st period - Isac Lundestrom wins face-off versus Emil Pettersson in Barracuda zone.
15:47 of 1st period - Slapshot by Rasmus Dahlin.
15:47 of 1st period - Shot Misses the Net.
17:33 of 1st period - Wrist shot by William Carrier.
17:33 of 1st period - Shot Blocked by Jacob Bernard-Docker.
17:35 of 1st period - Slapshot by Luke Martin.
17:35 of 1st period - Shot Misses the Net.
17:37 of 1st period - Snap shot by Theodor Blueger.
17:37 of 1st period - Goal by Theodor Blueger - Marlies : 0 - Barracuda : 1.
17:38 of 1st period - Mathieu Olivier wins face-off versus Emil Pettersson in neutral zone.
18:22 of 1st period - Slapshot by Kole Sherwood.
18:22 of 1st period - Shot Misses the Net.
Goals for this period are 0 for Marlies vs 1 for Barracuda.
Shots for this period are 6 for Marlies vs 8 for Barracuda.

2nd period


0:01 of 2nd period - Aleksi Saarela wins face-off versus Emil Pettersson in neutral zone.
0:10 of 2nd period - Backhand shot by Robin Norell.
0:10 of 2nd period - Deflect By Kurtis Macdermid.
0:10 of 2nd period - Goal by Kurtis Macdermid - Marlies : 0 - Barracuda : 2.
0:11 of 2nd period - Aleksi Saarela wins face-off versus Emil Pettersson in neutral zone.
0:22 of 2nd period - Snap shot by Mathieu Olivier.
0:22 of 2nd period - Shot Misses the Net.
0:24 of 2nd period - Snap shot by Aleksi Saarela.
0:24 of 2nd period - Stopped by Joni Ortio without a rebound.
0:25 of 2nd period - Aleksi Saarela wins face-off versus Emil Pettersson in Barracuda zone.
0:30 of 2nd period - Snap shot by Aleksi Saarela.
0:30 of 2nd period - Stopped by Joni Ortio with a rebound.
0:40 of 2nd period - Wrist shot by Mac Hollowell.
0:40 of 2nd period - Shot Blocked by Lucas Carlsson.
0:46 of 2nd period - Minor Penalty to Mathieu Olivier for Roughing.
0:47 of 2nd period - Aleksi Saarela wins face-off versus Emil Pettersson in Marlies zone.
0:57 of 2nd period - Off-side.
0:58 of 2nd period - Aleksi Saarela wins face-off versus Emil Pettersson in neutral zone.
1:30 of 2nd period - Slapshot by Kurtis Macdermid.
1:30 of 2nd period - Shot Blocked by Pierre-Olivier Joseph.
1:46 of 2nd period - Luke Martin is hit by Alex Formenton and loses puck.
2:15 of 2nd period - Slapshot by Luke Martin.
2:15 of 2nd period - Stopped by Logan Thompson without a rebound.
2:16 of 2nd period - Theodor Blueger wins face-off versus Martin Necas in Marlies zone.
2:46 of 2nd period - Penalty to Mathieu Olivier is over, Mathieu Olivier is back on ice.
2:58 of 2nd period - Snap shot by Isac Lundestrom.
2:58 of 2nd period - Shot Blocked by Mac Hollowell.
3:25 of 2nd period - Kyle Platzer is hit by Alex Formenton and loses puck.
4:13 of 2nd period - Backhand shot by Otto Koivula.
4:13 of 2nd period - Stopped by Joni Ortio without a rebound.
4:14 of 2nd period - Kyle Platzer wins face-off versus Isac Lundestrom in Barracuda zone.
4:52 of 2nd period - Snap shot by Alex Henriksson.
4:52 of 2nd period - Stopped by Logan Thompson with a rebound.
5:46 of 2nd period - Snap shot by Alex Henriksson.
5:46 of 2nd period - Shot Blocked by Otto Koivula.
5:49 of 2nd period - Icing by Jacob Bernard-Docker.
5:50 of 2nd period - Isac Lundestrom wins face-off versus Emil Pettersson in Marlies zone.
5:50 of 2nd period - Isac Lundestrom is hit by Thomas Gobeil.
6:15 of 2nd period - Wrist shot by Joel Farabee.
6:15 of 2nd period - Stopped by Joni Ortio with a rebound.
6:21 of 2nd period - Snap shot by Joel Farabee.
6:21 of 2nd period - Stopped by Joni Ortio without a rebound.
6:22 of 2nd period - Emil Pettersson wins face-off versus Aleksi Saarela in Barracuda zone.
6:35 of 2nd period - Wrist shot by Kurtis Macdermid.
6:35 of 2nd period - Shot Misses the Net.
6:37 of 2nd period - Slapshot by Kurtis Macdermid.
6:37 of 2nd period - Stopped by Logan Thompson with a rebound.
6:47 of 2nd period - Mathieu Olivier is hit by Noah Gregor and loses puck.
6:52 of 2nd period - Wrist shot by Cole Ully.
6:52 of 2nd period - Deflect By Noah Gregor.
6:52 of 2nd period - Shot Blocked by Lucas Carlsson.
6:52 of 2nd period - Puck is out of play.
6:53 of 2nd period - Lias Andersson wins face-off versus Noah Gregor in Marlies zone.
6:58 of 2nd period - Mac Hollowell is hit by Alex Formenton and loses puck.
7:29 of 2nd period - Snap shot by Hugh McGing.
7:29 of 2nd period - Stopped by Joni Ortio without a rebound.
7:30 of 2nd period - Emil Pettersson wins face-off versus Aleksi Saarela in Barracuda zone.
7:44 of 2nd period - Snap shot by Joel Farabee.
7:44 of 2nd period - Shot Blocked by Kurtis Macdermid.
7:46 of 2nd period - Slapshot by Pierre-Olivier Joseph.
7:46 of 2nd period - Stopped by Joni Ortio with a rebound.
8:20 of 2nd period - Kole Sherwood is hit by Kyle Platzer and loses puck.
8:57 of 2nd period - Snap shot by Rasmus Dahlin.
8:57 of 2nd period - Shot Blocked by Kurtis Macdermid.
10:15 of 2nd period - Snap shot by Alex Formenton.
10:15 of 2nd period - Deflect By Luke Martin.
10:15 of 2nd period - Shot Misses the Net.
10:15 of 2nd period - Puck is out of play.
10:16 of 2nd period - Emil Pettersson wins face-off versus Lias Andersson in Barracuda zone.
10:40 of 2nd period - Off-side.
10:41 of 2nd period - Aleksi Saarela wins face-off versus Theodor Blueger in neutral zone.
11:47 of 2nd period - Slapshot by Robin Norell.
11:47 of 2nd period - Shot Blocked by Arthur Kaliyev.
11:49 of 2nd period - Slapshot by Kyle Platzer.
11:49 of 2nd period - Stopped by Logan Thompson with a rebound.
11:51 of 2nd period - Slapshot by Mac Hollowell.
11:51 of 2nd period - Stopped by Logan Thompson without a rebound.
11:52 of 2nd period - Aleksi Saarela wins face-off versus Emil Pettersson in Marlies zone.
11:52 of 2nd period - Aleksi Saarela is hit by Thomas Gobeil.
12:06 of 2nd period - Rasmus Dahlin is hit by Emil Pettersson and loses puck.
14:09 of 2nd period - Off-side.
14:10 of 2nd period - Isac Lundestrom wins face-off versus Theodor Blueger in neutral zone.
14:41 of 2nd period - Emil Pettersson is hit by Aleksi Saarela.
14:59 of 2nd period - Snap shot by Cole Ully.
14:59 of 2nd period - Stopped by Logan Thompson without a rebound.
15:00 of 2nd period - Lias Andersson wins face-off versus Cole Ully in Marlies zone.
15:28 of 2nd period - Wrist shot by Jordan Gross.
15:28 of 2nd period - Stopped by Logan Thompson without a rebound.
15:29 of 2nd period - Emil Pettersson wins face-off versus Aleksi Saarela in Marlies zone.
15:30 of 2nd period - Snap shot by Kurtis Macdermid.
15:30 of 2nd period - Shot Misses the Net.
15:32 of 2nd period - Snap shot by Emil Pettersson.
15:32 of 2nd period - Shot Misses the Net.
15:34 of 2nd period - Slapshot by Kurtis Macdermid.
15:34 of 2nd period - Stopped by Logan Thompson with a rebound.
16:09 of 2nd period - Slapshot by Joel Farabee.
16:09 of 2nd period - Shot Misses the Net.
16:11 of 2nd period - Wrist shot by Mathieu Olivier.
16:11 of 2nd period - Stopped by Joni Ortio without a rebound.
16:12 of 2nd period - Theodor Blueger wins face-off versus Lias Andersson in Barracuda zone.
16:12 of 2nd period - Theodor Blueger is hit by Alex Formenton.
16:19 of 2nd period - Minor Penalty to Alex Formenton for Hooking.
16:20 of 2nd period - Emil Pettersson wins face-off versus Aleksi Saarela in Marlies zone.
16:22 of 2nd period - Snap shot by Emil Pettersson.
16:22 of 2nd period - Stopped by Logan Thompson with a rebound.
16:24 of 2nd period - Snap shot by Mac Hollowell.
16:24 of 2nd period - Shot Misses the Net.
16:26 of 2nd period - Wrist shot by Kurtis Macdermid.
16:26 of 2nd period - Goal by Kurtis Macdermid - Marlies : 0 - Barracuda : 3.
16:27 of 2nd period - Emil Pettersson wins face-off versus Aleksi Saarela in neutral zone.
17:18 of 2nd period - Noah Gregor is hit by Keaton Thompson and loses puck.
17:39 of 2nd period - Snap shot by Kyle Platzer.
17:39 of 2nd period - Shot Misses the Net.
17:41 of 2nd period - Snap shot by Alexei Toropchenko.
17:41 of 2nd period - Shot Blocked by Keaton Thompson.
17:45 of 2nd period - Wrist shot by Alex Henriksson.
17:45 of 2nd period - Shot Misses the Net.
18:39 of 2nd period - Snap shot by Cole Ully.
18:39 of 2nd period - Stopped by Logan Thompson with a rebound.
18:41 of 2nd period - Slapshot by Luke Martin.
18:41 of 2nd period - Stopped by Logan Thompson with a rebound.
18:43 of 2nd period - Snap shot by Nikolai Kovalenko.
18:43 of 2nd period - Shot Blocked by Lucas Carlsson.
18:45 of 2nd period - Snap shot by Cole Ully.
18:45 of 2nd period - Stopped by Logan Thompson without a rebound.
18:46 of 2nd period - Emil Pettersson wins face-off versus Aleksi Saarela in Marlies zone.
18:50 of 2nd period - Icing by Lucas Carlsson.
18:51 of 2nd period - Emil Pettersson wins face-off versus Aleksi Saarela in Marlies zone.
18:52 of 2nd period - Snap shot by Kurtis Macdermid.
18:52 of 2nd period - Shot Misses the Net.
19:00 of 2nd period - Wrist shot by Kurtis Macdermid.
19:00 of 2nd period - Deflect By Pierre-Olivier Joseph.
19:00 of 2nd period - Shot Misses the Net.
19:00 of 2nd period - Puck is out of play.
19:01 of 2nd period - Aleksi Saarela wins face-off versus Emil Pettersson in Marlies zone.
19:14 of 2nd period - Snap shot by Emil Pettersson.
19:14 of 2nd period - Shot Blocked by Lucas Carlsson.
19:16 of 2nd period - Wrist shot by Kurtis Macdermid.
19:16 of 2nd period - Shot Misses the Net.
19:28 of 2nd period - Snap shot by Cole Ully.
19:28 of 2nd period - Stopped by Logan Thompson with a rebound.
19:30 of 2nd period - Slapshot by Jordan Gross.
19:30 of 2nd period - Shot Misses the Net.
19:32 of 2nd period - Slapshot by Jordan Gross.
19:32 of 2nd period - Shot Misses the Net.
19:34 of 2nd period - Wrist shot by Nikolai Kovalenko.
19:34 of 2nd period - Deflect By Noah Gregor.
19:34 of 2nd period - Stopped by Logan Thompson with a rebound.
19:36 of 2nd period - Slapshot by Noah Gregor.
19:36 of 2nd period - Goal by Noah Gregor - Marlies : 0 - Barracuda : 4.
19:37 of 2nd period - Emil Pettersson wins face-off versus Mathieu Olivier in neutral zone.
Goals for this period are 0 for Marlies vs 3 for Barracuda.
Shots for this period are 8 for Marlies vs 17 for Barracuda.

3rd period


0:01 of 3rd period - Emil Pettersson wins face-off versus Aleksi Saarela in neutral zone.
0:06 of 3rd period - Pierre-Olivier Joseph is hit by Emil Pettersson and loses puck.
0:25 of 3rd period - Lias Andersson is hit by William Carrier and loses puck.
0:30 of 3rd period - Slapshot by William Carrier.
0:30 of 3rd period - Stopped by Logan Thompson with a rebound.
0:32 of 3rd period - Slapshot by Theodor Blueger.
0:32 of 3rd period - Shot Blocked by Martin Necas.
0:34 of 3rd period - Slapshot by Jordan Gross.
0:34 of 3rd period - Deflect By Jaedon Descheneau.
0:34 of 3rd period - Shot Misses the Net.
0:34 of 3rd period - Puck is out of play.
0:35 of 3rd period - Aleksi Saarela wins face-off versus Theodor Blueger in Marlies zone.
0:35 of 3rd period - Aleksi Saarela is hit by Luke Martin.
1:03 of 3rd period - Slapshot by Rasmus Dahlin.
1:03 of 3rd period - Stopped by Joni Ortio with a rebound.
1:05 of 3rd period - Snap shot by Martin Necas.
1:05 of 3rd period - Stopped by Joni Ortio without a rebound.
1:06 of 3rd period - Martin Necas wins face-off versus Emil Pettersson in Barracuda zone.
1:42 of 3rd period - Wrist shot by Theodor Blueger.
1:42 of 3rd period - Shot Blocked by Aleksi Saarela.
2:01 of 3rd period - Snap shot by Matthew Highmore.
2:01 of 3rd period - Shot Blocked by Nikolai Kovalenko.
2:03 of 3rd period - Snap shot by Hugh McGing.
2:03 of 3rd period - Deflect By Matthew Highmore.
2:03 of 3rd period - Stopped by Joni Ortio with a rebound.
2:13 of 3rd period - Wrist shot by Alex Henriksson.
2:13 of 3rd period - Stopped by Logan Thompson without a rebound.
2:14 of 3rd period - Kyle Platzer wins face-off versus Lias Andersson in Marlies zone.
2:41 of 3rd period - Wrist shot by Theodor Blueger.
2:41 of 3rd period - Shot Blocked by Alex Formenton.
3:09 of 3rd period - Snap shot by Aleksi Saarela.
3:09 of 3rd period - Stopped by Joni Ortio with a rebound.
3:11 of 3rd period - Wrist shot by Mathieu Olivier.
3:11 of 3rd period - Stopped by Joni Ortio with a rebound.
3:13 of 3rd period - Snap shot by Aleksi Saarela.
3:13 of 3rd period - Shot Misses the Net.
3:31 of 3rd period - Matthew Highmore is hit by Luke Martin and loses puck.
3:56 of 3rd period - Isac Lundestrom is hit by Theodor Blueger and loses puck.
4:11 of 3rd period - Snap shot by Alex Henriksson.
4:11 of 3rd period - Stopped by Logan Thompson with a rebound.
4:55 of 3rd period - Alex Formenton is hit by Nikolai Kovalenko.
4:59 of 3rd period - Robin Norell is hit by Alex Formenton and loses puck.
5:11 of 3rd period - Snap shot by Cole Ully.
5:11 of 3rd period - Stopped by Logan Thompson with a rebound.
5:13 of 3rd period - Slapshot by Cole Ully.
5:13 of 3rd period - Stopped by Logan Thompson without a rebound.
5:14 of 3rd period - Emil Pettersson wins face-off versus Aleksi Saarela in Marlies zone.
5:15 of 3rd period - Snap shot by Kurtis Macdermid.
5:15 of 3rd period - Shot Misses the Net.
5:17 of 3rd period - Slapshot by Emil Pettersson.
5:17 of 3rd period - Stopped by Logan Thompson without a rebound.
5:18 of 3rd period - Emil Pettersson wins face-off versus Aleksi Saarela in Marlies zone.
5:34 of 3rd period - Slapshot by Joel Farabee.
5:34 of 3rd period - Stopped by Joni Ortio without a rebound.
5:35 of 3rd period - Alex Formenton wins face-off versus Theodor Blueger in Barracuda zone.
5:56 of 3rd period - Minor Penalty to Luke Martin for Interference.
5:57 of 3rd period - Aleksi Saarela wins face-off versus Emil Pettersson in Barracuda zone.
7:56 of 3rd period - Penalty to Luke Martin is over, Luke Martin is back on ice.
8:15 of 3rd period - William Carrier is hit by Hugh McGing and loses puck.
8:38 of 3rd period - Wrist shot by Noah Gregor.
8:38 of 3rd period - Deflect By Cole Ully.
8:38 of 3rd period - Shot Blocked by Otto Koivula.
8:38 of 3rd period - Puck is out of play.
8:39 of 3rd period - Matthew Highmore wins face-off versus Noah Gregor in Marlies zone.
8:46 of 3rd period - Snap shot by Noah Gregor.
8:46 of 3rd period - Stopped by Logan Thompson with a rebound.
8:52 of 3rd period - Matthew Highmore is hit by Nikolai Kovalenko and loses puck.
9:09 of 3rd period - Lucas Carlsson is hit by William Carrier.
9:17 of 3rd period - Robin Norell is hit by Mathieu Olivier and loses puck.
9:54 of 3rd period - Wrist shot by Alex Henriksson.
9:54 of 3rd period - Shot Blocked by Keaton Thompson.
10:06 of 3rd period - Minor Penalty to Arthur Kaliyev for Holding.
10:07 of 3rd period - Emil Pettersson wins face-off versus Aleksi Saarela in Marlies zone.
10:12 of 3rd period - Wrist shot by Kurtis Macdermid.
10:12 of 3rd period - Stopped by Logan Thompson with a rebound.
10:14 of 3rd period - Slapshot by Thomas Gobeil.
10:14 of 3rd period - Stopped by Logan Thompson without a rebound.
10:15 of 3rd period - Aleksi Saarela wins face-off versus Emil Pettersson in Marlies zone.
10:28 of 3rd period - Snap shot by Kurtis Macdermid.
10:28 of 3rd period - Shot Hit the Post.
10:30 of 3rd period - Slapshot by Jordan Gross.
10:30 of 3rd period - Deflect By Lucas Carlsson.
10:30 of 3rd period - Stopped by Logan Thompson without a rebound.
10:31 of 3rd period - Emil Pettersson wins face-off versus Aleksi Saarela in Marlies zone.
12:06 of 3rd period - Penalty to Arthur Kaliyev is over, Arthur Kaliyev is back on ice.
12:22 of 3rd period - Icing by Noah Gregor.
12:23 of 3rd period - Noah Gregor wins face-off versus Lias Andersson in Barracuda zone.
12:32 of 3rd period - Slapshot by Robin Norell.
12:32 of 3rd period - Shot Misses the Net.
12:34 of 3rd period - Slapshot by Mac Hollowell.
12:34 of 3rd period - Shot Misses the Net.
13:38 of 3rd period - Wrist shot by Cole Ully.
13:38 of 3rd period - Shot Misses the Net.
13:40 of 3rd period - Snap shot by Robin Norell.
13:40 of 3rd period - Stopped by Logan Thompson with a rebound.
13:42 of 3rd period - Slapshot by Cole Ully.
13:42 of 3rd period - Barracuda goal is going for a video replay.
13:42 of 3rd period - The goal is good.
13:42 of 3rd period - Goal by Cole Ully - Marlies : 0 - Barracuda : 5.
13:43 of 3rd period - Aleksi Saarela wins face-off versus Emil Pettersson in neutral zone.
13:48 of 3rd period - Wrist shot by Joel Farabee.
13:48 of 3rd period - Shot Blocked by Kurtis Macdermid.
13:50 of 3rd period - Snap shot by Joel Farabee.
13:50 of 3rd period - Shot Misses the Net.
13:52 of 3rd period - Snap shot by Joel Farabee.
13:52 of 3rd period - Stopped by Joni Ortio without a rebound.
13:53 of 3rd period - Aleksi Saarela wins face-off versus Emil Pettersson in Barracuda zone.
13:56 of 3rd period - Snap shot by Joel Farabee.
13:56 of 3rd period - Shot Misses the Net.
13:58 of 3rd period - Snap shot by Aleksi Saarela.
13:58 of 3rd period - Shot Misses the Net.
14:00 of 3rd period - Slapshot by Lucas Carlsson.
14:00 of 3rd period - Deflect By Aleksi Saarela.
14:00 of 3rd period - Goal by Aleksi Saarela - Marlies : 1 - Barracuda : 5.
14:01 of 3rd period - Kurtis Macdermid wins face-off versus Aleksi Saarela in neutral zone.
15:05 of 3rd period - Minor Penalty to Kole Sherwood for Hooking.
15:06 of 3rd period - Emil Pettersson wins face-off versus Mathieu Olivier in Marlies zone.
15:07 of 3rd period - Wrist shot by Kurtis Macdermid.
15:07 of 3rd period - Shot Blocked by Mathieu Olivier.
15:45 of 3rd period - Wrist shot by Joel Farabee.
15:45 of 3rd period - Shot Misses the Net.
15:47 of 3rd period - Snap shot by Martin Necas.
15:47 of 3rd period - Shot Misses the Net.
15:49 of 3rd period - Slapshot by Martin Necas.
15:49 of 3rd period - Stopped by Joni Ortio with a rebound.
15:51 of 3rd period - Slapshot by Joel Farabee.
15:51 of 3rd period - Shot Misses the Net.
16:25 of 3rd period - Slapshot by Rasmus Dahlin.
16:25 of 3rd period - Shot Blocked by Luke Martin.
16:53 of 3rd period - William Carrier is hit by Pierre-Olivier Joseph.
17:04 of 3rd period - Icing by Robin Norell.
17:05 of 3rd period - Penalty to Kole Sherwood is over, Kole Sherwood is back on ice.
17:05 of 3rd period - Lias Andersson wins face-off versus Emil Pettersson in Barracuda zone.
18:28 of 3rd period - Snap shot by Kyle Platzer.
18:28 of 3rd period - Stopped by Logan Thompson without a rebound.
18:29 of 3rd period - Aleksi Saarela wins face-off versus Alexei Toropchenko in Marlies zone.
18:44 of 3rd period - Snap shot by Joel Farabee.
18:44 of 3rd period - Shot Misses the Net.
19:42 of 3rd period - Off-side.
19:43 of 3rd period - Aleksi Saarela wins face-off versus Thomas Gobeil in neutral zone.
19:57 of 3rd period - Minor Penalty to Dennis Cholowski for High sticking.
19:58 of 3rd period - Aleksi Saarela wins face-off versus Emil Pettersson in Barracuda zone.
Goals for this period are 1 for Marlies vs 1 for Barracuda.
Shots for this period are 9 for Marlies vs 13 for Barracuda.